 Dungeon Crawl Stone Soup version 0.24-a0-479-g9a978d2894 (webtiles) character file.

Game seed: 9526166413302080195

63 pk666 the Magician (level 3, 0/19 HPs)
             Began as a Deep Elf Wizard on July 9, 2019.
             Killed from afar by Sigmund (5 damage)
             ... with a magic dart
             ... on level 2 of the Dungeon.
             The game lasted 00:01:28 (1324 turns).

pk666 the Magician (Deep Elf Wizard)                Turns: 1324, Time: 00:01:28

Health: 0/19       AC:  4    Str:  4    XL:     3   Next: 87%
Magic:  6/11       EV: 13    Int: 23    God:
Gold:   131        SH:  0    Dex: 13    Spells: 3/12 levels left

rFire    . . .     SeeInvis .   e - +0 dagger
rCold    . . .     Gourm    .   (no shield)
rNeg     . . .     Faith    .   a - +0 robe
rPois    .         Spirit   .   b - +0 hat
rElec    .         Reflect  .   (no cloak)
rCorr    .         Harm     .   (no gloves)
MR       .....                  (no boots)
Stlth    ++........             (no amulet)
HPRegen  0.06/turn              h - +2 ring of protection
MPRegen  0.12/turn              (no ring)

@: no status effects
A: no striking features
a: no special abilities


You were on level 2 of the Dungeon.
You were very hungry.

You visited 1 branch of the dungeon, and saw 2 of its levels.

You collected 131 gold pieces.

Inventory:

Hand Weapons
 e - a +0 dagger (weapon)
Armour
 a - a +0 robe (worn)
 b - a +0 hat (worn)
Jewellery
 h - a +2 ring of protection (left hand)
 m - a +3 ring of intelligence {unknown}
Wands
 k - a wand of polymorph (6)
Scrolls
 c - a scroll of immolation {unknown}
 g - 2 scrolls of identify {unknown}
 i - a scroll of teleportation {unknown}
 j - 3 scrolls of remove curse {unknown}
 n - a scroll of fear {unknown}
Potions
 f - a potion of magic {unknown}
 l - a potion of brilliance {unknown}
 o - a potion of might {unknown}
Comestibles
 d - a ration


   Skills:
 - Level 3.2 Dodging
 - Level 2.4 Stealth
 + Level 5.1 Spellcasting
 + Level 2.3 Conjurations
   Level 1.1 Summonings
 + Level 1.3 Translocations
 + Level 0.4 Fire Magic
 + Level 0.5 Air Magic
 + Level 0.4 Poison Magic


You had 3 spell levels left.
You knew the following spells:

 Your Spells              Type           Power        Failure   Level  Hunger
a - Magic Dart            Conj           ###.         3%          1    None
b - Blink                 Tloc           N/A          9%          2    None
c - Conjure Flame         Conj/Fire      ##......     16%         3    ##.....
d - Mephitic Cloud        Conj/Pois/Air  ##......     19%         3    ##.....

Your spell library contained the following spells:

 Spells                   Type           Power        Failure   Level  Hunger
 Call Imp                 Summ           ##......     9%          2    None
 Slow                     Hex            #.......     14%         2    None


Dungeon Overview and Level Annotations

Branches:
Dungeon (2/15)

Altars:

Annotations:
D:2 Sigmund


Message History

You start waiting.
You are feeling very hungry.
Sigmund shouts!
Sigmund mumbles some strange words.
Sigmund flickers and vanishes!
Deactivating autopickup; reactivate with Ctrl-A.
Casting: Magic Dart (safe; 3% risk of failure)
Confirm with . or Enter, or press ? or * to list all spells.
Aiming: Conjure Flame (safe; 16% risk of failure)
Press: ? - help, Dir - move target cursor The fire ignites!
Something hits you!
Ouch! That really hurt!
* * * LOW HITPOINT WARNING * * *
Casting: Conjure Flame (safe; 16% risk of failure)
Confirm with . or Enter, or press ? or * to list all spells.
You blink.
A magic dart appears from out of thin air!
The magic dart hits you.
You die...

.#... .###
###########†#..##.....
............#........#
###.#########........#
..............!......#
.##.#########.#......#
.#............+......#
.#.#.########.#......#
.#.#..# #.#.@....#
##.##.#######.#......#
.#.##..##....§☼........#
.#.###.##.###.##.#####.#
##.###.## #.##.# #
........# #.##.#
.#.####.# #.##.#
.#......#.# #.##.#
.#.....)#.# #.#


There were no monsters in sight!

Vanquished Creatures
  Jessica (D:2)
  An adder (D:2)
  2 worms (D:2)
  A giant cockroach (D:2)
  2 goblins
  4 hobgoblins
  4 jackals (D:2)
  3 kobolds (D:1)
  2 rats (D:1)
20 creatures vanquished.

Notes
Turn   | Place    | Note
-------+----------+-------------------------------------------
     0 | D:1      | pk666 the Deep Elf Wizard began the quest for the Orb.
     0 | D:1      | Reached XP level 1. HP: 10/10 MP: 7/7
   474 | D:1      | Reached XP level 2. HP: 15/15 MP: 7/9
   606 | D:2      | Noticed Jessica
   612 | D:2      | Killed Jessica
   612 | D:2      | Reached skill level 5 in Spellcasting
   612 | D:2      | Reached XP level 3. HP: 19/19 MP: 3/11
   620 | D:2      | Learned a level 2 spell: Blink
   624 | D:2      | Learned a level 3 spell: Conjure Flame
   628 | D:2      | Learned a level 3 spell: Mephitic Cloud
  1243 | D:2      | Noticed Sigmund
  1324 | D:2      | Killed from afar by Sigmund

Levels and vault maps discovered:
D:1:      nicolae_arrival_memento_mori, layout_basic
D:2:      layout_basic, st_stairs_9, uniq_jessica, uniq_sigmund

Skill      XL: |  1  2 |
---------------+-------+-----
Dodging        | 3 |  3.2
Spellcasting   | 5 |  5.1
Conjurations   | 2 |  2.3
Stealth        | |  2.4
Summonings     | |  1.1
Translocations | |  1.3
Fire Magic     | |  0.4
Air Magic      | |  0.5
Poison Magic   | |  0.4

Action                   || total
-------------------------++-------
 Cast: Magic Dart        ||    64
       Conjure Flame     ||     1
       Blink             ||     1
Armor: Robe              ||     2
Dodge: Dodged            ||     2

Table legend:
 A = Non-vault XP
 B = Vault XP
 C = Vault XP percentage of total XP
 D = Non-vault monster count
 E = Vault monster count
 F = Vault count percentage of total count
                 A         B        C        D         E       F
            +---------+---------+-------+---------+---------+-------
      Total |      46 |      44 |  48.9 |      17 |       3 |  15.0
            +---------+---------+-------+---------+---------+-------
        D:1 |      13 |       0 |   0.0 |       8 |       0 |   0.0
        D:2 |      33 |      44 |  57.1 |       9 |       3 |  25.0
            +---------+---------+-------+---------+---------+-------
